Map: Capullo de rosa EE

Players

LeoStitch

  • Race: Terran Terran
  • Spawn Location: 5:00

CrisThbS

  • Race: Terran Terran
  • Spawn Location: 5:00

ElFranco

  • Race: Protoss Protoss
  • Spawn Location: 5:00

MrFercho - Winner!

  • Race: Zerg Zerg
  • League: Silver
  • Spawn Location: 11:00

TATORREA - Winner!

  • Race: Protoss Protoss
  • League: Silver
  • Spawn Location: 11:00

tigro - Winner!

  • Race: Terran Terran
  • Spawn Location: 11:00

VOD

Have the link to the VOD?

Description

Time

  • Played on: May 15, 2020, 8:29 p.m.
  • Length: 20:34
Show
View Real Time Build Order
Export as new Build Order

LeoStitch Terran 

Build Orders:  

Get SALT Encoding   

  12  0:14  Supply Depot  
  12  0:26  SCV, Supply Depot  
  13  0:46  Barracks  
  13  0:54  SCV, Refinery  
  14  1:06  SCV  
  15  1:13  Supply Depot  
  15  1:18  SCV  
  16  1:30  SCV  
  17  1:47  Marine  
  18  1:58  SCV  
  18  1:59  Refinery  
  19  2:05  Marine  
  20  2:10  SCV  
  21  2:23  Marine  
  21  2:24  SCV  
  23  2:36  SCV, Factory  
  24  2:40  Marine  
  25  2:48  SCV  
  26  2:58  Marine  
  26  3:00  SCV  
  26  3:03  Engineering Bay  
  28  3:16  Marine  
  28  3:19  Factory Tech Lab  
  29  3:33  Starport  
  29  3:34  SCV  
  30  3:38  Siege Tank  
  30  3:41  Marine  
  34  3:47  Terran Infantry Weapons Level 1  
  34  3:58  Marine  
  35  4:05  Command Center  
  35  4:08  Orbital Command  
  35  4:16  Marine  
  36  4:17  Siege Tank  
  39  4:35  Supply Depot  
  39  4:42  Missile Turret  
  39  4:58  Supply Depot  
  39  5:20  SCV  
  40  5:32  SCV, Siege Tank  
  40  5:34  Barracks Tech Lab  
  44  5:43  Terran Infantry Armor Level 1  
  44  5:51  Armory  
  44  5:57  Missile Turret  
  44  6:19  Bunker  
  44  6:21  Supply Depot  
  44  6:25  Marauder  
  46  6:27  Stimpack  
  46  6:29  Medivac  
  46  6:32  Siege Tank  
  51  6:45  Marine  
  52  6:48  Terran Vehicle Weapons Level 1  
  52  6:59  Medivac  
  54  7:03  Marine  
  55  7:27  Marine  
  56  7:45  Marauder  
  58  7:53  Terran Infantry Weapons Level 2  
  58  8:00  SCV  
  59  8:12  SCV  
  60  8:24  SCV  
  61  8:36  SCV  
  62  8:41  Refinery  
  62  8:45  Terran Vehicle Weapons Level 2  
  62  8:48  Siege Tank  
  65  8:49  SCV  
  65  8:50  Medivac  
  65  8:52  Marauder  
  65  8:54  Concussive Shells  
  70  9:06  SCV  
  71  9:13  Marine  
  72  9:17  Supply Depot  
  72  9:19  SCV, Supply Depot  
  72  9:20  Supply Depot  
  72  9:21  Supply Depot  
  73  9:30  Marine  
  73  9:31  SCV  
  75  9:43  SCV  
  76  9:48  Marine  
  77  9:55  SCV  
  81  10:07  Siege Tank  
  81  10:08  Marine  
  81  10:11  Terran Infantry Weapons Level 3  
  82  10:26  Marine  
  83  10:32  Starport Tech Lab  
  83  10:45  Marauder  
  85  10:55  Thor  
  91  11:00  SCV  
  91  11:03  Refinery  
  92  11:06  Marauder  
  94  11:12  SCV  
  95  11:24  SCV  
  90  11:27  Marauder  
  49  13:10  Barracks  
  49  13:39  Barracks  
  49  13:48  Medivac  
  51  14:14  Terran Infantry Armor Level 2  
  51  14:18  Liberator  
  39  14:51  Barracks Tech Lab  
  39  14:52  Barracks Tech Lab  
  39  15:01  Liberator  
  39  15:30  Marine x2  
  41  15:44  Liberator  
  41  15:48  Marine x2  
  46  16:06  Marauder x2  
  50  16:16  Factory Tech Lab  
  50  16:26  Liberator  
  50  16:27  Marauder x2  
  57  16:48  Marine x2  
  59  17:06  Marine x2  
  31  17:24  Marine x2  
  33  17:37  Terran Ship Weapons Level 1  
  33  17:42  Marine x2  
  29  17:59  Marine  
  29  18:00  Marine  
  28  18:08  Medivac  
  30  18:17  Marine x2  
  20  18:35  Marine x2  
Show
View Real Time Build Order
Export as new Build Order

CrisThbS Terran 

Build Orders:  

Get SALT Encoding   

  12  0:01  SCV  
  13  0:13  SCV  
  14  0:22  Supply Depot  
  14  0:26  SCV  
  15  0:43  SCV, Supply Depot  
  16  0:55  Barracks  
  16  0:56  SCV  
  17  1:09  SCV  
  18  1:11  Refinery  
  18  1:21  SCV  
  19  1:33  SCV  
  20  1:45  SCV  
  21  1:49  Supply Depot  
  21  1:57  SCV  
  22  2:09  Barracks Reactor, Supply Depot  
  22  2:10  SCV  
  23  2:16  Refinery  
  23  2:22  SCV  
  24  2:29  Engineering Bay  
  24  2:34  SCV  
  24  2:35  Barracks  
  25  3:01  Command Center  
  25  3:08  Factory  
  25  3:11  Orbital Command  
  25  3:14  Marine x2  
  25  3:17  Terran Infantry Weapons Level 1  
  27  3:27  Barracks Tech Lab  
  27  3:31  Marine  
  27  3:32  Marine  
  29  3:45  Refinery  
  29  3:54  Marine x2  
  31  4:11  Marine x2  
  31  4:14  Siege Tank  
  36  4:21  SCV  
  37  4:29  Marine x2  
  39  4:33  SCV  
  40  4:45  SCV, Starport  
  41  4:46  Siege Tank  
  44  4:53  Marine x2  
  46  5:10  Marine  
  46  5:11  Missile Turret, Marine  
  48  5:21  Terran Infantry Armor Level 1  
  48  5:28  Marine x2  
  48  5:29  Starport  
  48  5:32  Missile Turret  
  50  5:37  Siege Tank  
  53  5:46  Marine x2  
  55  5:53  Missile Turret  
  55  5:56  SCV  
  56  6:00  SCV  
  57  6:04  Marine x2  
  57  6:08  SCV  
  60  6:11  Starport Tech Lab  
  60  6:12  SCV  
  60  6:13  Starport Reactor  
  60  6:18  Starport  
  61  6:38  Armory  
  61  6:43  Marine  
  62  7:00  Supply Depot  
  62  7:06  Orbital Command  
  62  7:16  Marine  
  57  7:23  Supply Depot  
  45  7:47  Supply Depot  
  45  8:03  Starport Reactor  
  45  8:15  Refinery  
  45  8:18  Supply Depot  
  45  8:23  Siege Tank  
  48  8:28  SCV  
  48  8:32  SCV  
  50  8:40  SCV  
  50  8:41  Supply Depot  
  51  8:44  SCV  
  51  8:45  Supply Depot  
  52  8:55  Siege Tank  
  52  8:56  SCV  
  56  9:04  Supply Depot  
  56  9:06  Armory  
  56  9:08  SCV, Terran Infantry Weapons Level 2  
  56  9:09  Supply Depot  
  57  9:10  Marine  
  57  9:11  Marine  
  59  9:20  SCV  
  59  9:21  SCV  
  61  9:28  Marine x2  
  63  9:32  SCV  
  63  9:33  SCV  
  65  9:44  SCV  
  65  9:45  SCV  
  67  9:46  Marine x2  
  69  9:57  SCV  
  70  10:01  Barracks Tech Lab  
  70  10:07  Terran Vehicle Weapons Level 1  
  70  10:09  Terran Vehicle And Ship Armor Level 1  
  70  10:26  Command Center  
  70  10:28  Combat Shield  
  70  10:57  Supply Depot  
  42  11:20  Supply Depot  
  16  12:01  Marine x2  
  21  12:10  Viking  
  23  12:18  Marine  
  23  12:19  Marine  
  25  12:36  SCV, Marine x2  
  25  12:40  Viking  
  26  12:48  SCV  
  27  12:54  Command Center, Marine x2  
  29  13:00  SCV  
  30  13:10  Viking  
  30  13:12  SCV  
  33  13:15  Viking x2  
  37  13:24  SCV  
  38  13:34  Command Center  
  38  13:36  SCV  
  38  13:40  Viking  
  41  13:45  Viking x2  
  46  13:48  SCV, Factory  
  46  14:07  Barracks  
  46  14:11  SCV  
  30  15:19  Viking  
  32  15:44  SCV  
  32  15:49  Viking  
  35  15:56  SCV  
  36  16:19  Viking  
  37  16:49  Viking  
  39  17:04  Factory  
  39  17:19  Viking  
  37  17:49  Viking  
  24  18:19  Viking  
  26  18:49  Viking  
Show
View Real Time Build Order
Export as new Build Order

ElFranco Protoss 

Build Orders: Carriers 

Get SALT Encoding   

  12  0:09  Probe  
  13  0:19  Pylon  
  13  0:25  Assimilator  
  13  0:30  Probe  
  14  0:42  Probe  
  15  0:54  Probe  
  16  0:57  Forge  
  16  1:10  Pylon  
  16  1:15  Probe  
  17  1:28  Probe  
  18  1:41  Probe  
  19  1:51  Gateway  
  19  1:56  Photon Cannon  
  19  2:09  Pylon  
  19  2:15  Probe  
  20  2:21  Assimilator  
  20  2:50  Cybernetics Core  
  20  2:56  Zealot  
  22  3:07  Probe  
  23  3:19  Probe  
  24  3:23  Zealot  
  26  3:31  Probe  
  27  3:41  Stargate  
  27  3:44  Probe, Protoss Air Weapons Level 1  
  28  3:56  Pylon  
  28  4:14  Nexus  
  28  4:35  Fleet Beacon  
  28  4:42  Stargate  
  28  4:46  Zealot  
  30  5:13  Stalker  
  32  5:22  Anion Pulse-Crystals  
  32  5:31  Probe  
  33  5:39  Assimilator  
  33  5:43  Probe  
  33  5:45  Assimilator  
  34  5:55  Probe  
  34  5:57  Carrier  
  41  6:07  Probe  
  42  6:19  Probe  
  42  6:21  Protoss Air Armor Level 1  
  43  6:31  Probe  
  44  6:36  Pylon  
  44  6:43  Probe, Pylon  
  45  6:49  Carrier  
  51  6:56  Probe  
  52  7:08  Probe  
  53  7:09  Robotics Facility  
  53  7:10  Zealot  
  55  7:20  Probe  
  56  7:32  Probe  
  57  7:38  Zealot  
  59  7:44  Probe  
  60  7:56  Probe  
  61  8:05  Stalker  
  63  8:08  Probe  
  64  8:35  Zealot  
  64  8:41  Carrier  
  72  8:42  Carrier  
  78  8:50  Stargate, Flux Vanes  
  78  9:17  Pylon  
  78  9:34  Stalker  
  78  9:37  Protoss Air Armor Level 2  
  80  9:40  Pylon  
  80  9:45  Pylon  
  80  9:51  Pylon  
  80  9:59  Carrier  
  86  10:02  Carrier  
  86  10:05  Carrier, Zealot  
  100  10:42  Robotics Bay  
  100  12:11  Protoss Air Weapons Level 2  
  84  13:01  Carrier  
  95  13:08  Carrier  
  95  13:10  Carrier  
  102  13:29  Pylon  
  102  13:39  Pylon  
  102  14:06  Carrier  
  108  14:12  Carrier  
  108  14:14  Carrier  
  120  14:17  Twilight Council  
  116  14:48  Protoss Air Armor Level 3  
  86  15:35  Pylon  
  86  15:58  Mothership  
  86  16:01  Carrier  
  86  16:03  Carrier  
  106  16:05  Carrier  
  112  16:31  Pylon  
  88  16:47  Pylon  
  88  16:50  Pylon  
  88  17:21  Gateway  
  88  17:38  Carrier  
  88  17:40  Carrier  
  88  17:42  Carrier  
  106  18:09  Templar Archives  
  59  19:29  Zealot  
  47  19:56  Zealot  
Show
View Real Time Build Order
Export as new Build Order

MrFercho Zerg - Winner!

Build Orders: 1 Base Baneling Bust, Pool First 

Get SALT Encoding   

  12  0:02  Drone  
  13  0:18  Overlord  
  13  0:20  Drone  
  14  0:25  Extractor  
  14  0:26  Drone  
  14  0:39  Drone  
  14  0:40  Extractor  
  14  0:44  Drone  
  15  0:57  Drone  
  16  1:08  Drone  
  17  1:16  Drone  
  18  1:23  Drone  
  18  1:24  Spawning Pool  
  18  1:34  Drone  
  19  1:45  Drone  
  20  1:58  Drone  
  21  2:06  Drone  
  22  2:21  Roach Warren  
  21  2:24  Queen  
  21  2:25  Baneling Nest  
  22  2:32  Hatchery  
  21  2:38  Drone  
  21  2:43  Overlord  
  22  2:52  Metabolic Boost  
  22  3:00  Overlord  
  22  3:08  Drone  
  22  3:12  Drone  
  24  3:18  Drone  
  25  3:23  Drone  
  26  3:33  Drone  
  27  3:38  Drone x3  
  30  3:51  Drone  
  30  3:52  Queen  
  33  3:58  Drone  
  34  4:07  Drone  
  35  4:10  Drone  
  36  4:19  Zergling x6  
  39  4:28  Drone  
  40  4:38  Drone x3  
  43  4:44  Extractor x2  
  41  4:45  Lair  
  41  4:48  Drone x2  
  40  5:35  Zergling x6  
  43  5:53  Drone  
  43  5:55  Overlord x2  
  43  5:56  Overlord x2  
  44  6:05  Hatchery x2  
  44  6:10  Zergling x4  
  44  6:15  Zergling x6  
  47  6:23  Spire  
  46  6:28  Infestation Pit  
  45  6:39  Drone x6  
  43  7:42  Drone  
  43  7:43  Drone x5  
  49  7:54  Drone x5  
  54  8:08  Drone x2  
  54  8:10  Drone x2  
  58  8:17  Mutalisk x5  
  68  8:23  Extractor  
  67  8:28  Extractor  
  67  8:32  Hatchery  
  65  8:36  Hatchery  
  65  8:39  Hatchery  
  63  8:44  Hatchery  
  62  8:49  Drone x6  
  62  8:54  Drone x3  
  71  9:16  Extractor  
  70  9:17  Extractor  
  69  9:29  Drone x3  
  72  9:33  Drone x3  
  75  9:51  Mutalisk  
  75  9:52  Mutalisk x5  
  77  9:57  Mutalisk x4  
  95  10:02  Mutalisk  
  95  10:03  Mutalisk x7  
  111  10:17  Overlord x2  
  111  10:18  Overlord x3  
  111  10:19  Overlord  
  111  10:30  Hive  
  111  10:32  Zerg Flyer Weapons Level 1  
  111  10:35  Centrifical Hooks  
  111  11:02  Zergling x24  
  111  11:03  Zergling x18  
  132  11:10  Zergling x8  
  132  11:11  Zergling x4  
  92  11:59  Baneling  
  92  12:00  Baneling x18  
  92  12:01  Baneling x27  
  92  12:02  Baneling x8  
  92  12:26  Zerg Flyer Armor Level 1  
  65  12:44  Mutalisk x3  
  65  12:45  Mutalisk x14  
  99  13:18  Mutalisk  
  99  13:19  Mutalisk x6  
  111  13:25  Zergling x2  
  111  13:26  Zergling x32  
  130  13:37  Mutalisk  
  130  13:38  Mutalisk x3  
  73  15:17  Corruptor  
  73  15:18  Corruptor x16  
  73  15:19  Corruptor x4  
  115  15:39  Hatchery  
  115  15:41  Hatchery x2  
  112  15:43  Hatchery  
  111  15:50  Drone x3  
  111  15:51  Hatchery  
  111  15:52  Hatchery  
  111  15:55  Hatchery  
  111  16:02  Drone  
  111  16:03  Drone  
  113  16:05  Drone x3  
  116  16:16  Mutalisk  
  116  16:17  Mutalisk x10  
  96  16:59  Zergling x8  
  96  17:00  Zergling x40  
  120  17:28  Zergling x6  
  120  17:29  Zergling x26  
  118  18:10  Baneling x4  
  118  18:11  Baneling x27  
  118  18:12  Baneling x26  
  118  18:13  Baneling x23  
  78  19:19  Mutalisk x7  
  78  19:20  Mutalisk  
  94  19:35  Zergling x2  
  94  19:36  Zergling x36  
  94  19:37  Zergling x4  
Show
View Real Time Build Order
Export as new Build Order

TATORREA Protoss - Winner!

Build Orders:  

Get SALT Encoding   

  12  0:04  Probe  
  13  0:30  Probe  
  14  0:40  Pylon  
  15  0:42  Probe  
  15  0:48  Assimilator  
  15  0:58  Probe  
  16  1:20  Probe  
  17  1:40  Gateway  
  17  1:43  Gateway  
  17  1:44  Probe  
  18  1:50  Pylon  
  18  1:56  Probe  
  19  2:08  Probe  
  20  2:19  Forge  
  20  2:20  Probe  
  20  2:21  Assimilator  
  21  2:38  Nexus  
  21  2:40  Probe  
  22  2:53  Probe  
  23  3:01  Cybernetics Core, Protoss Ground Weapons Level 1 (Chrono Boost)  
  23  3:08  Probe  
  24  3:13  Zealot x2  
  28  3:20  Probe  
  29  3:32  Probe  
  30  3:38  Pylon  
  30  3:42  Pylon  
  30  3:44  Probe  
  31  3:53  Probe  
  32  3:56  Probe  
  32  3:59  Warp Gate (Chrono Boost)  
  33  4:05  Probe  
  33  4:08  Probe  
  35  4:11  Stalker  
  35  4:14  Stalker  
  39  4:17  Probe  
  39  4:20  Probe  
  41  4:25  Twilight Council  
  41  4:29  Probe  
  42  4:32  Probe, Assimilator  
  42  4:37  Assimilator  
  43  4:41  Probe  
  43  4:45  Probe, Stalker x2  
  49  4:53  Probe  
  49  4:57  Probe  
  49  4:59  Stargate  
  51  5:01  Robotics Facility  
  51  5:06  Probe  
  52  5:09  Probe  
  53  5:19  Protoss Ground Weapons Level 2  
  53  5:23  Charge  
  53  5:39  Probe  
  53  5:41  Probe  
  55  5:47  Oracle, Protoss Air Weapons Level 1  
  58  5:51  Probe  
  59  6:02  Pylon  
  59  6:05  Pylon  
  59  6:09  Pylon  
  59  6:17  Pylon  
  59  6:20  Immortal  
  59  6:23  Pylon  
  59  6:24  Probe x2  
  65  6:29  Stalker, Pylon  
  65  6:30  Stalker  
  69  6:33  Pylon  
  69  6:36  Pylon  
  69  6:40  Pylon  
  69  6:48  Void Ray  
  73  7:00  Robotics Bay  
  73  7:02  Fleet Beacon  
  73  7:07  Probe x2  
  75  7:13  Nexus  
  75  7:19  Probe  
  57  7:52  Stalker x2  
  57  7:54  Probe x2  
  63  8:02  Void Ray  
  63  8:03  Colossus  
  73  8:06  Probe x2  
  73  8:07  Blink  
  75  8:17  Flux Vanes  
  75  8:18  Probe  
  75  8:19  Probe  
  77  8:30  Probe, Extended Thermal Lance  
  77  8:31  Probe  
  79  8:37  Assimilator  
  79  8:39  Assimilator  
  79  8:43  Probe x3  
  79  8:45  Tempest  
  87  8:50  Stalker  
  87  8:51  Stalker  
  87  8:55  Probe x3  
  94  8:57  Colossus  
  94  8:58  Protoss Ground Weapons Level 3  
  100  9:29  Nexus  
  100  9:33  Assimilator  
  100  9:39  Assimilator  
  100  9:47  Probe x3  
  103  10:18  Gateway  
  103  10:20  Gateway  
  103  10:22  Gateway  
  103  10:24  Stalker x2  
  103  10:26  Gateway  
  103  10:27  Tempest  
  103  10:28  Gateway  
  112  10:31  Gateway  
  112  10:33  Gateway  
  112  10:34  Colossus  
  118  10:36  Gateway  
  118  10:41  Pylon  
  118  10:45  Pylon  
  118  10:48  Pylon  
  118  10:52  Pylon  
  118  10:56  Pylon  
  118  10:59  Pylon  
  118  11:05  Pylon  
  118  11:10  Tempest  
  105  11:53  Tempest  
  87  12:36  Carrier  
  93  12:41  Stalker x3  
  93  12:42  Stalker x3  
  93  12:43  Stalker x3  
  111  12:44  Stalker  
  111  12:48  Colossus, Protoss Ground Armor Level 1  
  119  13:11  Protoss Air Weapons Level 2 (Chrono Boost)  
  119  13:25  Zealot x3  
  119  13:26  Zealot x2  
  119  13:27  Zealot x4  
  131  13:28  Zealot  
  139  13:40  Carrier  
  145  13:42  Immortal  
  149  13:58  Stalker x3  
  149  13:59  Stalker x3  
  149  14:00  Stalker x4  
  169  14:21  Colossus  
  175  14:44  Carrier  
  169  14:56  Protoss Shields Level 1  
  96  15:15  Immortal  
  92  15:30  Stalker x2  
  92  15:31  Stalker x3  
  92  15:32  Stalker x3  
  92  15:33  Stalker x2  
  92  15:34  Protoss Air Armor Level 1  
  112  15:45  Stargate  
  112  15:48  Tempest, Stargate  
  112  15:49  Stargate  
  117  15:53  Colossus  
  123  16:00  Stargate  
  123  16:07  Stargate  
  123  16:08  Stargate  
  123  16:19  Stalker x2  
  123  16:20  Stalker x3  
  123  16:21  Stalker x2  
  123  16:22  Stalker x2  
  123  16:23  Stalker  
  143  16:31  Tempest  
  148  16:48  Immortal  
  152  17:05  Protoss Ground Armor Level 2  
  152  17:07  Nexus  
  152  17:12  Assimilator x2  
  152  17:14  Tempest  
  157  17:22  Void Ray x3  
  165  17:23  Void Ray x3  
  181  17:33  Zealot x3  
  181  17:34  Zealot x3  
  181  17:35  Zealot x3  
  199  17:50  Protoss Air Weapons Level 3  
  95  19:04  Stalker  
  95  19:05  Stalker x4  
  95  19:06  Stalker x3  
  95  19:07  Stalker x2  
  115  19:51  Tempest x5  
  115  19:52  Nexus  
  145  19:53  Assimilator  
  145  19:57  Assimilator  
  150  20:06  Zealot x3  
  156  20:07  Zealot x3  
  156  20:08  Zealot x2  
  156  20:09  Zealot x2  
Show
View Real Time Build Order
Export as new Build Order

tigro Terran - Winner!

Build Orders:  

Get SALT Encoding   

  12  0:02  SCV  
  13  0:14  SCV  
  14  0:23  Supply Depot  
  14  0:28  SCV  
  15  0:44  Refinery  
  15  0:45  SCV  
  16  0:55  Barracks  
  16  0:57  SCV  
  17  1:06  Refinery  
  17  1:09  SCV  
  18  1:19  Supply Depot  
  18  1:26  SCV  
  19  1:38  SCV  
  20  1:43  Marine  
  21  2:01  Marine  
  22  2:04  Barracks  
  22  2:11  SCV  
  23  2:18  Marine  
  24  2:23  SCV  
  25  2:30  Engineering Bay  
  25  2:35  SCV  
  25  2:36  Marine  
  27  2:54  Marine  
  28  3:00  Orbital Command  
  28  3:02  Barracks Tech Lab  
  28  3:14  Factory  
  28  3:15  Barracks Tech Lab  
  28  3:22  Marauder  
  30  3:44  Marauder  
  32  4:03  Combat Shield  
  32  4:05  Marauder  
  32  4:06  Stimpack  
  34  4:23  Command Center  
  34  4:26  Marauder  
  36  4:33  Factory Tech Lab  
  36  4:38  Terran Infantry Weapons Level 1  
  36  4:46  Marine  
  37  5:22  Concussive Shells  
  37  5:41  Orbital Command  
  37  6:05  Missile Turret  
  38  6:11  SCV  
  38  6:23  Starport  
  38  6:25  Missile Turret  
  38  6:32  Terran Infantry Armor Level 1  
  38  6:34  SCV  
  39  6:46  SCV  
  40  6:48  Missile Turret  
  40  6:58  SCV  
  41  7:06  Marine  
  41  7:07  Starport  
  42  7:09  Marine  
  42  7:10  SCV  
  42  7:12  Missile Turret  
  44  7:22  SCV  
  45  7:24  Marine  
  45  7:27  Marine  
  33  7:41  Marine  
  34  7:45  Marine  
  35  7:54  Medivac  
  37  7:59  Marine  
  37  8:02  Marine  
  37  8:04  Refinery  
  39  8:17  Marine  
  40  8:20  Marine  
  40  8:24  Command Center  
  40  8:26  Neosteel Armor  
  41  8:30  Refinery  
  41  8:33  Armory  
  41  8:35  Marauder  
  41  8:36  Starport Tech Lab  
  41  8:38  Starport Tech Lab  
  41  8:39  Marauder  
  45  8:57  Marauder  
  45  9:00  Marauder  
  49  9:18  Marauder  
  49  9:21  Marauder  
  49  9:22  Fusion Core  
  53  9:38  Planetary Fortress, Refinery  
  53  10:02  Refinery  
  53  10:04  Terran Vehicle Weapons Level 1  
  53  10:06  Hi-Sec Auto Tracking  
  53  10:12  Supply Depot  
  53  10:35  Supply Depot  
  53  10:40  SCV  
  54  10:52  SCV  
  55  11:03  Terran Infantry Weapons Level 2  
  55  11:04  Battlecruiser, SCV  
  55  11:08  Battlecruiser  
  68  11:16  SCV  
  69  11:28  SCV  
  70  11:58  Terran Vehicle And Ship Armor Level 1  
  70  12:08  Battlecruiser  
  40  12:51  Supply Depot  
  40  12:54  Weapon Refit  
  40  13:03  SCV  
  41  13:13  Battlecruiser x2  
  41  13:15  Supply Depot  
  41  13:16  SCV  
  41  13:18  Terran Infantry Armor Level 2  
  54  13:28  SCV  
  55  13:39  Supply Depot  
  55  13:40  SCV  
  56  13:45  Marine  
  56  13:48  Marine  
  58  13:52  SCV, Terran Ship Weapons Level 1  
  59  14:02  Cloaking Field  
  59  14:03  Marine  
  59  14:05  Marine  
  67  14:17  Battlecruiser  
  67  14:21  Marine  
  67  14:23  Marine  
  69  14:35  Rapid Reignition System  
  69  14:38  Marine  
  69  14:41  Marine  
  71  14:56  Marine  
  71  14:59  Marine  
  67  15:14  Marine  
  67  15:17  Marine  
  63  15:21  Battlecruiser  
  63  15:31  Advanced Ballistics  
  63  15:32  Marine  
  63  15:34  Marine  
  63  15:35  Terran Infantry Weapons Level 3  
  65  15:46  Terran Vehicle Weapons Level 2  
  65  15:50  Marine  
  65  15:52  Marine  
  67  16:14  Battlecruiser  
  79  16:25  Battlecruiser  
  79  16:47  Thor  
  85  17:11  SCV  
  86  17:18  Battlecruiser  
  92  17:23  SCV  
  99  17:30  Battlecruiser  
  99  17:36  SCV  
  100  17:48  SCV  
  100  17:49  Command Center  
  101  18:00  SCV  
  101  18:01  Terran Vehicle And Ship Armor Level 2  
  102  18:22  Battlecruiser  
  56  20:09  Marine  
  56  20:12  Marine  
Tags
 
Add a new tag
Caveats
  • Supply blocks, unpowered buildings, or Contaminate may cause inaccurate times.
  • Supply counts are checked every 10 seconds.